 Dungeon Crawl Stone Soup version 0.31-a0-237-g2d982f9f85 (webtiles) character file.

Game seed: 9695563528534976933

1010 EnegeticOcto the Cleaver (level 8, -11/71 HPs)
             Began as a Meteoran Fighter on July 11, 2023.
             Mangled by an orc warrior
             ... wielding a +0 battleaxe
              (15 damage)
             ... on level 6 of the Dungeon.
             The game lasted 00:10:47 (2114 turns).

EnegeticOcto the Cleaver (Meteoran Fighter)         Turns: 2114, Time: 00:10:48

Health: -11/71     AC: 11    Str: 18 (20) XL:     8   Next: 72%
Magic:  9/9        EV:  7    Int:  8 (9)  God:
Gold:   175        SH:  0    Dex: 11 (14) Spells: 7/7 levels left

rFire   . . .        a - +0 war axe (vamp)
rCold   . . .        (no shield)
rNeg    . . .        h - +0 chain mail
rPois   +            f - +0 helmet
rElec   .            (no cloak)
rCorr   .            (no gloves)
SInv    .            k - +0 pair of boots
Will    +....        (no amulet) Stlth
                     v - ring of poison resistance
HPRegen 0.31/turn    (no ring)
MPRegen 0.11/turn

%: no passive effects
@: hasted, glowing, very quick
A: sense surroundings 1, otherworldly, glowing, explore regen
a: no special abilities


You were on level 6 of the Dungeon.
You visited 1 branch of the dungeon, and saw 6 of its levels.
You also visited: Sewer.

You collected 175 gold pieces.

Inventory:

Hand Weapons
 a - a +0 vampiric war axe (weapon)
 s - a +0 battleaxe
   (You took it off Blork the orc on level 4 of the Dungeon)
Missiles
 i - 12 poisoned darts (quivered)
Armour
 b - a +0 scale mail
 c - a +0 buckler
 f - a +0 helmet (worn)
   (You found it on level 1 of the Dungeon)
 h - a +0 chain mail (worn)
   (You found it on level 3 of the Dungeon)
 k - a +0 pair of boots (worn)
   (You found it on level 2 of the Dungeon)
Jewellery
 l - a ring of wizardry
   (You found it on level 1 of the Dungeon)
 v - a ring of poison resistance (left hand)
   (You found it on level 5 of the Dungeon)
Scrolls
 p - a scroll of immolation
 q - a scroll of brand weapon
 t - a scroll of revelation {unknown}
 u - 2 scrolls of torment
Potions
 d - a potion of might {@q3 !q}
 g - a potion of haste {@q4 !q}
 m - a potion of lignification {unknown}
 n - 3 potions of degeneration
 r - a potion of attraction {unknown}


   Skills:
 + Level 6.7 Fighting
 * Level 9.3 Axes
 - Level 3.6 Armour
 - Level 3.6 Shields


You had 7 spell levels left.
You didn't know any spells.
Your spell library was empty.

Dungeon Overview and Level Annotations

Branches:
Dungeon (6/15) Zot: 1637    Sewer (visited)
 Temple: D:4-7

Altars:


Innate Abilities, Weirdness & Mutations

You passively map a small area around you.
You are easily found by Zot.
You glow in the dark.
You regain HP and MP as you explore.


Message History

a - a +0 vampiric war axe (weapon)
You slash the orc warrior!
The orc warrior is heavily wounded.
The orc warrior hits you with a +0 battleaxe!
* * * LOW HITPOINT WARNING * * *
Really quaff
j - a potion of curing {@q1 !q}?
You feel better.
The orc warrior hits you with a +0 battleaxe!
* * * LOW HITPOINT WARNING * * *
Okay, then.
Unknown command.
Really read
o - a scroll of fear {!r}?
As you read the scroll of fear {!r}, it crumbles to dust.
You assume a fearsome visage.
The orc warrior looks frightened!
It was a potion of degeneration.
There was something very wrong with that liquid.
You feel weakened.
You feel dopey.
You feel clumsy.
The orc wizard shouts!
The orc wizard hits you with a +0 dagger.
* * * LOW HITPOINT WARNING * * *
You miss the orc wizard.
The orc wizard hits you but does no damage.
You closely miss the orc wizard.
The orc wizard points at you and mumbles some strange words.
You are confused.
You miss the orc wizard.
The orc wizard hits you but does no damage.
The orc wizard hits you but does no damage.
Okay, then.
The orc wizard attacks as you move away!
The orc wizard closely misses you.
The orc wizard hits you but does no damage.
Really quaff
g - 2 potions of haste {@q4 !q}?
You feel yourself speed up.
You feel less confused.
The orc wizard hits you but does no damage.
You closely miss the orc wizard.
The orc wizard hits you with a +0 dagger.
* * * LOW HITPOINT WARNING * * *
You hit the orc wizard.
The orc wizard is heavily wounded.
You hit the ice beast.
The ice beast hits you but does no damage.
The orc wizard hits you but does no damage.
You closely miss the orc wizard.
The orc wizard is heavily wounded.
You hit the ice beast but do no damage. You slash the orc wizard!
You feel better.
You kill the orc wizard!
You barely miss the ice beast. The ice beast completely misses you.
You barely miss the ice beast.
The ice beast is lightly wounded.
The ice beast barely misses you.
You barely miss the ice beast.
The ice beast is lightly wounded.
You slash the ice beast!
The ice beast is heavily wounded.
The ice beast closely misses you.
You slash the ice beast!
The ice beast is almost dead.
A shadow imp comes into view.
The ice beast hits you but does no damage.
You closely miss the ice beast.
The ice beast is almost dead.
The shadow imp shouts!
You barely miss the ice beast.
The ice beast is almost dead.
The ice beast closely misses you.
You hit the ice beast.
You feel better.
The ice beast is almost dead.
The ice beast hits you but does no damage.
You slash the ice beast!
You kill the ice beast!
You feel your strength returning.
You completely miss the shadow imp.
The shadow imp hits you but does no damage.
You hit the shadow imp but do no damage.
The shadow imp hits you.
* * * LOW HITPOINT WARNING * * *
You barely miss the shadow imp. You slash the shadow imp!
You kill the shadow imp!
You barely miss the orc warrior.
The orc warrior is heavily wounded.
You closely miss the orc warrior.
The orc warrior is heavily wounded.
The orc warrior barely misses you.
You hit the orc warrior but do no damage.
The orc warrior is heavily wounded.
The orc warrior barely misses you.
You hit the orc warrior.
You feel better.
The orc warrior is heavily wounded.
You hit the orc warrior but do no damage.
The orc warrior is heavily wounded.
The orc warrior hits you with a +0 battleaxe!
* * * LOW HITPOINT WARNING * * *
You hit the orc warrior but do no damage.
The orc warrior is heavily wounded.
The orc warrior hits you with a +0 battleaxe!
You die...

###..##.#.. * ###.c.....##,#.#
.... ##f.......##.#.. .... ....
.# ..........##.#..##..#
...###.# ........... .....#..#
*#..#...# ..........# #......##
#..#...# * ##.#....... #.......#
#..#...+ ,...........,
#...#..###..#...##*
#.#........###.@......#...o>..#
#.#.........##..o.).#.#*#.....#
#.....................# #.....#
###.........##.#.#.#### #.....#
* #..............#.######.)...#
####.........##.#.#......#....##
#....# ####.......#..###.#.####
#.##.# #..........#........#
#....###..........#........#


You could see an orc warrior.

Vanquished Creatures
  A water moccasin (D:5)
  An ice beast (D:6)
  A black bear (D:6)
  An ogre (D:6)
  Blork the orc (D:4)
  A scorpion (D:4)
  4 hounds
  A hell rat (Sewer)
  2 sleepcaps
  Ijyb (D:3)
  An orc wizard (D:6)
  5 adders
  9 gnolls
  5 river rats (Sewer)
  A shadow imp (D:6)
  A white imp (D:6)
  2 ufetubi (D:4)
  A dart slug (D:1)
  4 orcs
  9 ball pythons
  4 bats
  5 endoplasms
  5 giant cockroaches
  2 goblins
  5 hobgoblins
  5 kobolds
  4 quokkas
  4 frilled lizards (D:1)
  10 rats
96 creatures vanquished.

Notes
Turn   | Place    | Note
-------+----------+-------------------------------------------
     0 | D:1      | EnegeticOcto the Meteoran Fighter began the quest for the
                  | Orb.
     0 | D:1      | Reached XP level 1. HP: 19/19 MP: 2/2
    69 | D:1      | Reached XP level 2. HP: 13/26 MP: 3/3
    73 | D:1      | Reached skill level 3 in Axes
   282 | D:2      | Reached XP level 3. HP: 33/33 MP: 4/4
   304 | D:2      | Reached skill level 4 in Axes
   304 | D:2      | Reached XP level 4. HP: 34/40 MP: 5/5
   308 | D:2      | Reached skill level 4 in Fighting
   503 | D:1      | Reached XP level 5. HP: 44/46 MP: 6/6
   522 | D:1      | Found a faded altar of an unknown god.
   712 | D:2      | Reached skill level 5 in Axes
   787 | D:3      | Noticed Ijyb
   802 | D:3      | Paralysed by Ijyb for 4 turns
   815 | D:3      | Killed Ijyb
   816 | D:3      | Reached XP level 6. HP: 50/53 MP: 7/7
   873 | D:3      | Found a glowing drain.
   899 | Sewer    | Entered a sewer
   945 | Sewer    | Reached skill level 6 in Axes
  1248 | D:4      | Noticed Blork the orc
  1260 | D:3      | Reached skill level 5 in Fighting
  1373 | D:4      | Reached XP level 7. HP: 61/61 MP: 8/8
  1377 | D:4      | Killed Blork the orc
  1439 | D:4      | Reached skill level 7 in Axes
  1645 | D:5      | Entered Level 5 of the Dungeon
  1765 | D:5      | Noticed a water moccasin
  1769 | D:5      | Killed a water moccasin
  1770 | D:5      | Reached skill level 8 in Axes
  1770 | D:5      | Reached XP level 8. HP: 62/70 MP: 9/9
  1857 | D:5      | Reached skill level 6 in Fighting
  2040 | D:6      | Reached skill level 9 in Axes
  2113 | D:6      | HP: 3/71 [orc warrior/+0 battleaxe (16)]
  2114 | D:6      | Mangled by an orc warrior

Illustrated notes

Levels and vault maps discovered:
D:1:      mrwooster_arrival_statue, layout_basic, shapermc_ecumenical_altar_gd,
          solitary_fountain
D:2:      layout_basic, amethyst_killhole, minmay_randomly_rotated_circles
D:3:      layout_rooms, portal_sewer_entry_f, reono_crystal_passage,
          serial_park_tiny_pond, uniq_ijyb
D:4:      layout_loops_cross, minmay_bent, uniq_blork_the_orc
D:5:      layout_basic, minivault_25
D:6:      layout_basic, minmay_temple_entry_stoned_glass, minmay_crystal_room

Skill      XL: |  1  2  3  4  5  6  7  8 |
---------------+-------------------------+-----
Axes           | 3 4 5 6 8 9 |  9.3
Fighting       | 4 5 6 |  6.7
Armour         | |  3.6
Shields        | |  3.6

Action                     |  1- 3 |  4- 6 |  7- 9 || total
---------------------------+-------+-------+-------++-------
  Melee: War axe           |    46 |   207 |    29 ||   282
         Battleaxe         |       |       |    63 ||    63
  Throw: Dart              |     6 |       |     2 ||     8
    Use: Scroll            |       |     6 |     5 ||    11
         Potion            |       |     1 |     4 ||     5
 Armour: Scale mail        |    27 |    89 |       ||   116
         Chain mail        |       |    13 |    54 ||    67
  Dodge: Dodged            |    21 |    91 |    37 ||   149
  Block: Buckler           |    19 |    66 |       ||    85

Table legend: (Time is in decaauts)
 A = Elapsed time spent in this place.
 B = Non-inter-level travel time spent in this place.
 C = Inter-level travel time spent in this place.
 D = Time resting spent in this place.
 E = Time spent auto-exploring this place.
 F = Levels seen in this place.
 G = Mean time per level.
                   A        B        C        D        E       F      G
               +--------+--------+--------+--------+--------+-----+--------+
         Total |   2192 |   2031 |    161 |    174 |      0 |   7 |  313.1 |
       Dungeon |   1961 |   1800 |    161 |     53 |      0 |   6 |  326.8 |
         Sewer |    230 |    230 |      0 |    121 |      0 |   1 |  230.0 |
               +--------+--------+--------+--------+--------+-----+--------+

Top non-repeatable levels by time:
     D:2: 493 daAuts
     D:3: 413 daAuts
     D:5: 309 daAuts
     D:1: 294 daAuts
     D:4: 290 daAuts
   Sewer: 230 daAuts
     D:6: 161 daAuts
